Cogmind - Beta 16 @@@ ROGUE MODE // 2026.01.07 @ 13:09:16 Player: BW-K4T Result: Self-destructed Performance ------------- Evolutions (1) 500 Regions Visited (2) 400 Robots Destroyed (11) 55 Value Destroyed (194) 194 Prototype IDs (3) 60 Alien Tech Used (0) 0 Bonus (0) 0 TOTAL SCORE: 1209 Bonus ------- None Cogmind --------- Core Integrity 400/400 Matter 300/300 Energy 117/125 System Corruption 0% Temperature Cool (4) Movement Flying (31) Location -9/Materials Parts ------- > --- POWER (1) -------- Light Ion Engine > --- PROPULSION (4) --- Flight Unit Flight Unit Flight Unit Flight Unit > --- UTILITY (2) ------ Small Storage Unit Visual Processing Unit > --- WEAPON (2) ------- Improved EM Shotgun Improved EM Shotgun > --- INVENTORY (8) ---- High-capacity Matter Pod (200) Weight Redist. System EM Shotgun EM Shotgun EM Shotgun Improved EM Shotgun Beam Rifle Beam Rifle Peak State ------------ > --- POWER ------------ Light Ion Engine > --- PROPULSION ------- Flight Unit Flight Unit Flight Unit Flight Unit > --- UTILITY ---------- Small Storage Unit Visual Processing Unit > --- WEAPON ----------- Improved EM Shotgun Improved EM Shotgun > --- INVENTORY -------- High-capacity Matter Pod Weight Redist. System EM Shotgun EM Shotgun EM Shotgun Improved EM Shotgun Beam Rifle Beam Rifle [Rating: 15] Favorites ----------- Power Light Ion Engine Engine Light Ion Engine Propulsion Aluminum Leg Treads Light Treads Leg Aluminum Leg Wheel Wheel Flight Unit Flight Unit Utility Small Storage Unit Storage Small Storage Unit Processor Visual Processing Unit Weapon Medium Laser Energy Gun Medium Laser Build | -11 -10 -9 ------- Run | Yrd Mat Mat Slots Evolved 2 | . . 2 Power . | . . . Propulsion 2 | . . 2 Utility . | . . . Weapon . | . . . Parts Attached 19 | 8 6 5 Power 1 | 1 . . Engine 1 | 1 . . Core . | . . . Reactor . | . . . Propulsion 9 | 4 3 2 Treads 1 | 1 . . Leg 3 | 2 1 . Wheel 1 | 1 . . Hover . | . . . Flight 4 | . 2 2 Utility 2 | 1 1 . Device . | . . . Storage 1 | 1 . . Processor 1 | . 1 . Hackware . | . . . Protection . | . . . Artifact . | . . . Weapon 7 | 2 2 3 Energy Gun 7 | 2 2 3 Energy Cannon . | . . . Ballistic Gun . | . . . Ballistic Cannon . | . . . Launcher . | . . . Special Weapon . | . . . Impact Weapon . | . . . Slashing Weapon . | . . . Piercing Weapon . | . . . Special Melee Weapon . | . . . Unidentified Prototypes . | . . . Corrupted Parts 1 | . 1 . System Corruption 4 | . 4 . Parts Lost . | . . . Power . | . . . Propulsion . | . . . Utility . | . . . Weapon . | . . . Highest Loss Streak . | . . . To Critical Strikes . | . . . Average Backups 6 | 3 7 7 Power . | . . . Propulsion 1 | 1 2 . Utility . | . . 1 Weapon 3 | . 4 4 Tool/Special . | . . . Unused Backups 12 | . 7 5 Power 2 | . 2 . Propulsion 2 | . 2 . Utility 2 | . . 2 Weapon 6 | . 3 3 Tool/Special . | . . . Average Slot Usage (%) 96 | . 95 99 Engine 12 | . 13 11 Leg 19 | . 27 . Flight 12 | . . 43 Storage 13 | . 14 11 Processor 10 | . 9 11 Energy Gun 26 | . 28 22 Peak Build Rating 15 | 6 11 15 Average Rating 9 | 4 8 13 On Entrance 5 | . 6 11 Avg Prop Armor Cover (%) 16 | 16 . . Naked Turns . | . . . Heaviest Build 14 | 12 14 14 Greatest Support 20 | 20 20 20 Greatest Overweight (x) 2 | 1 2 . Average Overweight (x) . | . . . Largest Inventory Capacity 8 | 8 8 8 Average Capacity 7 | 7 8 8 Most Carried 8 | 7 8 8 Average Carried 6 | 3 7 7 Final Capacity 8 | 8 8 8 Final Carried 8 | 6 8 8 Class Distribution -------------------- 73% | Mutant 26% | Scavenger-Sprinter Dominant Class ---------------- Mutant | -10/Materials Scavenger-Sprinter | -9/Materials Resources | -11 -10 -9 ----------- Run | Yrd Mat Mat Matter Collected 620 | 191 294 135 Remotely . | . . . Salvage Created 389 | . 103 286 Parts 26 | . 11 15 Haulers Intercepted 2 | . . 2 Recyclers Shooed . | . . . Parts Field Recycled . | . . . Retrieved Matter . | . . . Parts Self-Destructed . | . . . Prevented . | . . . Parts Restored . | . . . Kills | -11 -10 -9 ------- Run | Yrd Mat Mat Combat Hostiles Destroyed 4 | . 1 3 Guns 4 | . 1 3 Classes Destroyed 7 | . 3 4 Worker 1 | . . 1 Builder 2 | . 2 . Hauler 2 | . . 2 Operator 1 | . . 1 Watcher 1 | . 1 . Grunt 3 | . 1 2 Sentry 1 | . . 1 Best Kill Streak 4 | . 2 4 Combat Bots Only 2 | . 1 2 Max Kills in Single Turn 1 | . 1 1 Gunslinging . | . . . Exploded . | . . . Melee . | . . . Uniques/NPCs Destroyed . | . . . Combat | -11 -10 -9 -------- Run | Yrd Mat Mat Hostile Shots Fired 14 | . 6 8 Missed 3 | . 1 2 Hits 11 | . 5 6 Projectile 11 | . 5 6 Damage Taken 125 | . 54 71 Core 11 | . 11 . Absorbed by Shields . | . . . Core Remaining (%) 97 | 100 95 . Volleys Fired 31 | . 12 19 Largest 2 | . 2 2 Hottest 101 | . 100 101 Shots Fired 49 | . 24 25 Gun 49 | . 24 25 Cannon . | . . . Launcher . | . . . Special . | . . . Kinetic . | . . . Thermal 30 | . 24 6 Explosive . | . . . Electromagnetic 19 | . . 19 Robot Hit Streak 11 | . 5 11 Robot Miss Streak 4 | . 4 2 Penetration Max . | . . . Secondary Targets . | . . . Shots Hit Robots 36 | . 14 22 Core Hits 18 | . 6 12 Critical Kills . | . . . Critical Parts Destroyed . | . . . Critical Strikes 1 | . 1 . Burn 1 | . 1 . Melee Attacks . | . . . Impact . | . . . Slashing . | . . . Piercing . | . . . Sneak Attacks . | . . . Combat Hostiles . | . . . Follow-up Attacks . | . . . Damage Inflicted 575 | . 177 398 Guns 542 | . 177 365 Cannons . | . . . Explosions 33 | . . 33 Melee . | . . . Ramming . | . . . Kinetic . | . . . Thermal 269 | . 177 92 Explosive . | . . . Electromagnetic 306 | . . 306 Impact . | . . . Slashing . | . . . Piercing . | . . . Highest Corruption 5 | . 5 . Average Corruption 1 | . 1 . Corruption Purged . | . . . Corruption Blocked . | . . . Overload Shots . | . . . Overflow Damage . | . . . Projectiles . | . . . Explosions . | . . . Melee . | . . . Knockbacks . | . . . Impact . | . . . Kinetic . | . . . Secondary . | . . . Self-Inflicted Damage . | . . . Shots . | . . . Rammed . | . . . Targets Rammed . | . . . Kicked . | . . . Crushed . | . . . Highest Temperature 246 | . 145 246 Average Temperature 69 | . 57 79 Received Heat Transfer 60 | . 30 30 Effects 1 | . . 1 Energy Bleed 1 | . . 1 Siege Activations . | . . . Martial Activations . | . . . Shielding Activations . | . . . Robots Disrupted . | . . . Combat Hostiles . | . . . Robots Corrupted . | . . . Combat Hostiles . | . . . Parts Fried . | . . . Impact Corruptions . | . . . Robots Melted . | . . . Combat Hostiles . | . . . Parts Melted 1 | . 1 . Heat Transferred 740 | . 592 148 Parts Sabotaged . | . . . Parts Stolen . | . . . Parts Stripped . | . . . Power Chain Reactions 1 | . . 1 Alert | -11 -10 -9 ------- Run | Yrd Mat Mat Maximum Alert Level . | . . . Low Security (%) 100 | 100 100 100 Level 1 . | . . . Level 2 . | . . . Level 3 . | . . . Level 4 . | . . . Level 5 . | . . . High Security . | . . . Max Security . | . . . Peak Influence 60 | . 30 60 Initial . | . . . Average 9 | . 3 31 Influence Increases 159 | . 47 112 Destroy 0b10 Robot/C 80 | . 20 60 Destroy 0b10 Robot/NC 35 | . 15 20 Destroy Leader 26 | . 12 14 Destroy Structure 3 | . . 3 Partial Spotted 15 | . . 15 Influence Decreases 104 | . 47 57 Time Decay 104 | . 47 57 Squads Dispatched 3 | . 1 2 Investigation 2 | . . 2 Extermination . | . . . Reinforcement 1 | . 1 . Assault . | . . . Garrison . | . . . Intercept . | . . . Searches Triggered . | . . . Construction Impeded . | . . . Haulers Reinforced . | . . . Active Scanning Responses . | . . . Cargo Convoy Interrupts . | . . . Stealth | -11 -10 -9 --------- Run | Yrd Mat Mat Distress Signals 1 | . . 1 Communications Jammed . | . . . Distress Signals . | . . . Times Spotted 8 | . 4 4 Peak Tracking Total 2 | . 2 2 Tactical Retreats . | . . . Traps | -11 -10 -9 ------- Run | Yrd Mat Mat Traps Triggered 2 | . 2 . Indirectly . | . . . Trap Hack Attempts . | . . . Triggered . | . . . Disarmed . | . . . Reprogrammed . | . . . Reused . | . . . Traps Extracted . | . . . Installed . | . . . Triggered . | . . . Machines | -11 -10 -9 ---------- Run | Yrd Mat Mat Machines Disabled . | . . . Max in Single Turn . | . . . Machines Repaired . | . . . Machines Dismantled . | . . . Machines Sabotaged . | . . . Overloaded Fab Kills . | . . . Hacking | -11 -10 -9 --------- Run | Yrd Mat Mat Machines Accessed 5 | . 2 3 Terminals 3 | . 1 2 Fabricators . | . . . Repair Stations . | . . . Recycling Units 1 | . 1 . Scanalyzers 1 | . . 1 Garrison Access . | . . . Total Hacks 14 | . 3 11 Successful 8 | . 2 6 Failed 6 | . 1 5 Catastrophic 1 | . . 1 Database Lockouts . | . . . Manual 2 | . 1 1 Terminals 7 | . 2 5 Fabricators . | . . . Repair Stations . | . . . Recycling Units 1 | . 1 . Scanalyzers 6 | . . 6 Garrison Access . | . . . Terminal Hacks 3 | . 1 2 Prototype ID Bank 2 | . 1 1 Alert Level 1 | . . 1 Fabricator Hacks . | . . . Repair Station Hacks . | . . . Recycling Unit Hacks 1 | . 1 . Report Inventory 1 | . 1 . Scanalyzer 4 | . . 4 Insert Component 1 | . . 1 Analyze 1 | . . 1 Retrieve Study 2 | . . 2 Garrison Access Hacks . | . . . Unauthorized Hacks . | . . . Terminals . | . . . Fabricators . | . . . Repair Stations . | . . . Recycling Units . | . . . Scanalyzers . | . . . Garrison Access . | . . . Data Cores Recovered 1 | . . 1 Used . | . . . Hacking Detections 5 | . 2 3 Full Trace Events 2 | . . 2 Feedback Events . | . . . Feedback Blocked . | . . . Robot Schematics Acquired . | . . . Robots Built . | . . . Authchips . | . . . Time . | . . . Total Robot Build Rating . | . . . Part Schematics Acquired . | . . . Parts Built . | . . . Authchips . | . . . Time . | . . . Total Part Build Rating . | . . . Part Studies Acquired 2 | . . 2 Parts Repaired . | . . . Time . | . . . Parts Recycled . | . . . Recycled Matter . | . . . Retrieved Matter . | . . . Retrieved Components . | . . . Parts Scanalyzed 1 | . . 1 Part Schematics Acquired . | . . . Parts Damaged . | . . . Bothacking | -11 -10 -9 ------------ Run | Yrd Mat Mat Used RIF Installer . | . . . Robots Hacked . | . . . Non-combat . | . . . Combat . | . . . Robot Hacks Applied . | . . . Relay Couplers Released . | . . . Fabnet Peak Effective % . | . . . Robots Rewired . | . . . Allies Hacked . | . . . Hacks Repelled . | . . . Allies | -11 -10 -9 -------- Run | Yrd Mat Mat Total Allies . | . . . Largest Group . | . . . Highest-Rated Group . | . . . Highest-Rated Ally . | . . . Total Orders . | . . . Ally Attacks . | . . . Total Damage . | . . . Kills . | . . . Allies Corrupted . | . . . Allies Melted . | . . . Intel | -11 -10 -9 ------- Run | Yrd Mat Mat Active Infowar (turns) 233 | . 233 . Optics 233 | . 233 . Robot Analysis Total . | . . . Derelict Logs Recovered . | . . . Drone Launches . | . . . Drone Recoveries . | . . . Exploration | -11 -10 -9 ------------- Run | Yrd Mat Mat Turns Passed 535 | 69 332 134 Spaces Moved 434 | 53 210 171 Core 3 | 2 1 . Treads . | . . . Legs 226 | 18 208 . Wheels 33 | 33 . . Hover . | . . . Flight 172 | . 1 171 Fastest Speed 31 | 50 117 31 Average Speed 82 | 96 120 31 Slowest Speed 150 | 120 150 31 Overloaded Moves . | . . . Propulsion Burnouts . | . . . Robots Hopped 1 | . . 1 Potential Cave-ins . | . . . Cave-ins Triggered . | . . . Exploration Rate (%) 22 | 4 48 14 Regions Visited 2 Branch Regions . Pre-discovered Areas . | . . . Known Exits Taken . | . . . Unknown Exits Taken 2 | 1 1 . Scrap Searched . | . . . Spaces Dug . | . . . Terrain Destroyed 3 | . . 3 Melee . | . . . Projectile . | . . . AOE 3 | . . 3 Terrain Rammed . | . . . Walls Destroyed . | . . . Machines Disabled . | . . . Actions | -11 -10 -9 --------- Run | Yrd Mat Mat Total 562 | 68 269 225 Wait 39 | . 13 26 Move 430 | 52 209 169 Hop 1 | . . 1 Pick Up 22 | 6 13 3 Fast Attach 10 | 6 4 . Attach 5 | 2 1 2 Detach 2 | 2 . . Swap 7 | . 4 3 Drop 15 | . 13 2 Fire 31 | . 12 19 Melee . | . . . Ram . | . . . Kick . | . . . Crush . | . . . Escape Stasis . | . . . Rewire . | . . . Trap . | . . . Miscellaneous . | . . . Route ------- -11/Scrapyard -10/Materials (discovered 2 exits: *Mat / [*Min]) -9/Materials History --------- Turn | Location | Event 14 | -11/Scrapyard | Discovered new exit (range 16) 70 | -11/Scrapyard | Entered Materials 147 | -10/Materials | Discovered new exit (range 12) 326 | -10/Materials | Build established: Mutant 379 | -10/Materials | Discovered new exit (range 18) 402 | -10/Materials | Entered another Materials area 402 | -9/Materials | Evolved 2 slots: Propulsion x2 536 | -9/Materials | Self-destructed Last Messages --------------- 00525_ K-01 Serf collects debris. 00535_ Connecting with Scanalyzer... >>Study(Flight Unit) Identified Flight Unit... Downloading performance data... Effective improvements: +1 support >>Study(EM Shotgun) Identified EM Shotgun... Downloading performance data... Effective improvements: +10% accuracy >>Insert(Imp. EM Shotgun) Scanning Imp. EM Shotgun... Ready to analyze. >>Scanalyze Scanning: Imp. EM Shotgun... Scan incomplete, additional scanning required. 00535_ ALERT: Suspicious activity at Scanalyzer M002. Dispatching Investigation squad. Map ----- +----------------------------------------------------+ | ?????????????????????????????????????????????????? | | ?????????????????????????????????????????????????? | | ????^??^?????????????????????????????????????????? | | ??? ????????????????????????????????????????????? | | ??? ???????????????????????????????????????????? | | ??? "??? ???????????????????????????????????????? | | ??? ^"""^ ??????????????????????????????????????? | | ??#^ """^ ???????????????????????????????????????? | | ??# ????????????????????????????????????????? | | ??# ????????????????????????????????????????? | | ??# ?????????????????????????????????????????? | | ### ??????????????????????????????????????????? | | ## #??????????????????????????????????????????? | | ## #??????????????????????????????????????????? | | ## #??????????????????????????????????????????? | | ## ##???????####??????????????????????????????? | | # ####### ??????????????????????????????? | | # #?????????????????????????????? | | + T #?????????????????????????????? | | # #?????????????????????????????? | | # ####### ??????????????????????????????? | | ### ###??????# #??????????????????????????????? | | ###!#????????# #??????????????????????????????? | | + = #????????# #########?? #######+???????????? | | ###%#????????+ # # g ????????? | | ##?# #????????# # "" @/ g????????? | | ???# #????????# # ""S # k ????????? | | ???#!#????????# # "" #??######## #?????????? | | ?###/########## # #??????????????????????? | | ?# %[ [ # + #??????????????????????? | | ?# ! ! # # """ #??????????????????????? | | ?# % + # """ #??????????????????????? | | ?# # # """ #??????????????????????? | | ?# # # #??????????????????????? | | ############### # #??????????????????????? | | ##############?????????????????? | | ??????????? | | ??????????? | | ######## # ##################?????????????? | | #??????# # #??????????????????????????????? | | #??????# #! !#??????????????????????????????? | | #??????# ##!!!!##??????????????????????????????? | | #??????###########???????????????????????????????? | | #????????????????????????????????????????????????? | | #????????????????????????????????????????????????? | | #????????????????????????????????????????????????? | | ?????????????????????????????????????????????????? | | ?????????????????????????????????????????????????? | | ?????????????????????????????????????????????????? | | ?????????????????????????????????????????????????? | +----------------------------------------------------+ Best States ------------- Heat Dissipation 28 Energy Generation 10 Energy Capacity 125 Matter Stores 300 Matter Capacity 300 Sight Range 18 Terrain Scan Density 10 Evasion (%) 63 Item Schematics ----------------- None Robot Schematics ------------------ None Fabricated ------------ Nothing Repaired ---------- Nothing Studied --------- Flight Unit | -9/Materials | Hacked EM Shotgun | -9/Materials | Hacked Alien Tech Used ----------------- None Achievements -------------- A Problem For Future Me Challenges ------------ None Game ------ Seed PhaseMeleeCore Manual? 0 Play Time 00:12:29 Cumulative 35.7 hours Start 2026.01.06 @ 22:36:27 End 2026.01.07 @ 13:09:16 Sessions 2 Manual Loads 0 Difficulty Rogue Special Mode None Game No. 55 Rogue 54 Adventurer 1 Explorer 0 Win Type - Total 0 Types 0/0/0/0/0/0/0/0/0/0 Lore% 25 Gallery% 27 Achievement% 19 Wizard Run 0 Options --------- Layout 0 ASCII 0 Keyboard 0 Movement Mouse Keybinds 0 Fullscreen 1 Font 16/SmallcapsGlow Map View 75x55 Zoom Use 13% Tactical HUD 1 Map Filters NONE Filters NONE Steam 1 RUN: bce053de-cddb-4893-bc0a-db6461beeb19